 Dungeon Crawl Stone Soup version 0.31-a0-702-gf82c85558f (webtiles) character file.

Game seed: 5064788182905878663

53 qw the Shooter (level 3, -5/22 HPs)
             Began as a Gargoyle Hunter on Sept 8, 2023.
             Slain by Natasha (8 damage)
             ... on level 3 of the Dungeon.
             The game lasted 00:00:34 (1805 turns).

qw the Shooter (Gargoyle Hunter)                    Turns: 1805, Time: 00:00:34

Health: -5/22      AC: 11    Str: 14    XL:     3   Next: 87%
Magic:  3/3        EV: 10    Int:  9    God:
Gold:   86         SH:  0    Dex: 11    Spells: 2/2 levels left

rFire   . . .        Y - +0 shortbow
rCold   . . .        (shield currently unavailable)
rNeg    + . .        h - +0 ring mail
rPois   inf          (no helmet)
rElec   +            (no cloak)
rCorr   .            (no gloves)
SInv    +            e - +2 pair of boots of Purpose {Rampage rPois Dex-4 SInv}
Will    +....        (no amulet)
Stlth   +            f - ring of willpower
HPRegen 0.23/turn    (no ring)
MPRegen 0.08/turn

%: rampage
@: no status effects
A: sickness immunity, AC +3, negative energy resistance 1, electricity
resistance, torment resistance 1, petrification resistance
a: no special abilities


You were on level 3 of the Dungeon.
You visited 1 branch of the dungeon, and saw 3 of its levels.

You collected 86 gold pieces.


Innate Abilities, Weirdness & Mutations

You are immune to sickness and miasma.
Your stone body is resilient. (AC +3)
You are immune to poison.
You resist negative energy. (rN+)
You are resistant to electric shocks. (rElec)
You are resistant to unholy torment.
You are immune to petrification.


   Skills:
 + Level 2.8 Fighting
 - Level 5.0 Ranged Weapons
 - Level 1.0 Armour
 - Level 1.5 Dodging
 - Level 1.1 Stealth


You had 2 spell levels left.
You didn't know any spells.
Your spell library was empty.

Inventory:

Hand Weapons
 Y - a +0 shortbow (weapon)
Armour
 e - the +2 pair of boots of Purpose (worn) {Rampage rPois Dex-4 SInv}
   (You found it on level 2 of the Dungeon)

   Dex-4:     It affects your dexterity (-4).
   rPois:     It protects you from poison SInv: It lets you see invisible.
   Rampage:   It bestows one free step when moving towards enemies.
 h - a +0 ring mail (worn)
Jewellery
 f - a ring of willpower (left hand)
Scrolls
 a - a scroll of poison {unknown}
 i - a scroll of teleportation {unknown}
 l - a scroll of identify {unknown}
Potions
 b - a potion of heal wounds {unknown}
 c - 3 potions of haste
 d - a potion of curing {unknown}
 g - a potion of lignification {unknown}
 j - a potion of mutation {unknown}
 k - a potion of cancellation {unknown}
 m - a potion of degeneration {unknown}

Dungeon Overview and Level Annotations

Branches:
Dungeon (3/15)

Altars:

Annotations:
D:3 Natasha


Message History

You shoot an arrow.
The arrow hits the cerulean imp but does no damage.
You shoot an arrow.
The arrow closely misses the cerulean imp.
The cerulean imp hits you but does no damage.
You shoot an arrow.
The arrow closely misses the cerulean imp.
The cerulean imp closely misses you.
You shoot an arrow.
The arrow closely misses the cerulean imp.
The cerulean imp hits you from afar with a +2 spear.
You shoot an arrow. The arrow hits the cerulean imp.
The cerulean imp is moderately wounded.
Natasha stares at you and mumbles some strange words.
The magic dart hits you.
The cerulean imp hits you from afar with a +2 spear.
The cerulean imp hits you but does no damage.
You shoot an arrow.
The arrow barely misses the cerulean imp.
The cerulean imp hits you from afar with a +2 spear.
You shoot an arrow.
The arrow closely misses the cerulean imp.
The cerulean imp hits you from afar with a +2 spear.
You shoot an arrow.
The arrow hits the cerulean imp but does no damage.
The cerulean imp is moderately wounded.
The cerulean imp misses you.
You shoot an arrow.
The arrow closely misses the cerulean imp.
The cerulean imp barely misses you.
Natasha stares at you and mumbles some strange words.
The magic dart hits you.
You shoot an arrow. The arrow misses the cerulean imp.
The cerulean imp hits you from afar with a +2 spear.
Natasha misses you.
The cerulean imp hits you but does no damage.
You shoot an arrow. The arrow barely misses Natasha.
Natasha claws you!
You die...
Natasha curls up and begins to purr.

~.. ~~~ ######## ~~~. .
#......# ~~~~. .
#......########~~~~. .
#.............5~~~.. .
##...)%.........~..~. #
####..###.......@h~~~~~~
#....## #.........~~~~~.
## ..#### #..........~~~~.
.. .## #..........~~~~. ..
.# #..........~~.~~ ..
.########..........~~~~~..
..
>..................~~~...
##
####.####.........~~~~~.
#..### ...~~~~#####


You could see Natasha and a cerulean imp (summoned).

Vanquished Creatures
  A worm (D:3)
  2 dart slugs (D:1)
  An orc (D:3)
  5 endoplasms
  A giant cockroach (D:1)
  2 goblins (D:1)
  3 hobgoblins
  3 jackals (D:1)
  2 kobolds
  2 quokkas
  5 ball pythons
  7 bats
  2 frilled lizards
  4 rats
40 creatures vanquished.

Notes
Turn   | Place    | Note
-------+----------+-------------------------------------------
     0 | D:1      | qw the Gargoyle Hunter began the quest for the Orb.
     0 | D:1      | Reached XP level 1. HP: 12/12 MP: 1/1
     0 | D:1      | 0 ||| qw: Version: 0.3-a-76-g4403597
     0 | D:1      | 0 ||| qw: Game counter: 1186
     0 | D:1      | 0 ||| qw: Melee chars always use a shield: true
     0 | D:1      | 0 ||| qw: God list: Okawaru
     0 | D:1      | 0 ||| qw: Allow faded altars: false
     0 | D:1      | 0 ||| qw: Do Orc after clearing Dungeon:15 true
     0 | D:1      | 0 ||| qw: Do second Lair branch before Depths: true
     0 | D:1      | 0 ||| qw: Lair rune preference: random
     0 | D:1      | 0 ||| qw: Goals: Normal
     0 | D:1      | 0 ||| PLANNING D:1-11
    95 | D:1      | Reached XP level 2. HP: 17/17 MP: 2/2
   445 | D:1      | Reached XP level 3. HP: 21/21 MP: 3/3
   549 | D:1      | Reached skill level 5 in Ranged Weapons
   696 | D:1      | 696 ||| UPGRADING to +0 ring mail.
   706 | D:1      | 706 ||| DROPPING +0 leather armour.
   707 | D:1      | 707 ||| DROPPING ring of magical power.
   708 | D:1      | 708 ||| READING scroll labelled SUYD GOUFINEFF.
   709 | D:1      | 709 ||| DRINKING 3 fuming brown potions.
   710 | D:1      | 710 ||| DROPPING scroll of butterflies.
   711 | D:1      | 711 ||| DROPPING 2 potions of attraction.
   751 | D:2      | Found a faded altar of an unknown god.
   774 | D:2      | Identified the +2 pair of boots of Purpose {Rampage rPois
                  | Dex-4 SInv}
  1255 | D:2      | Reached skill level 1 in Armour
  1329 | D:2      | 1329 ||| UPGRADING to +2 pair of boots of Purpose {Rampage
                  | rPois Dex-4 SInv}.
  1334 | D:2      | 1334 ||| UPGRADING to ring of willpower.
  1335 | D:2      | 1335 ||| READING scroll labelled GANWE UTRA.
  1336 | D:2      | 1336 ||| READING scroll labelled XUCWOSA RONIUQ.
  1337 | D:2      | 1337 ||| READING scroll labelled UXEULER TYACU.
  1338 | D:2      | 1338 ||| DRINKING 4 bubbling purple potions.
  1792 | D:3      | Noticed Natasha
  1804 | D:3      | HP: 3/22 [cerulean imp/+2 spear[Natasha] (3)]
  1805 | D:3      | Slain by Natasha

Levels and vault maps discovered:
D:1:      nzn_arrival_settlement, layout_loops_ring
D:2:      layout_basic, hellmonk_ecumenical_altar_lost_god
D:3:      layout_basic, chequers_serial_rivers_large_a, nrook_loot_triangle,
          chequers_serial_rivers_micro_b, grunt_decor_arrowhead,
          minmay_bisected, uniq_natasha

Skill      XL: |  1  2  3 |
---------------+----------+-----
Ranged Weapons | 5 |  5.0
Armour         | 1 |  1.0
Fighting       | |  2.8
Dodging        | |  1.5
Stealth        | |  1.1

Action                     || total
---------------------------++-------
   Fire: Shortbow          ||   114
    Use: Scroll            ||     4
         Potion            ||     2
 Armour: Leather armour    ||    16
         Ring mail         ||    13
  Dodge: Dodged            ||    35

Table legend:
 A = Non-vault XP
 B = Vault XP
 C = Vault XP percentage of total XP
 D = Non-vault monster count
 E = Vault monster count
 F = Vault count percentage of total count
                 A         B        C        D         E       F
            +---------+---------+-------+---------+---------+-------
      Total |      69 |       7 |   9.2 |      38 |       2 |   5.0
            +---------+---------+-------+---------+---------+-------
        D:1 |      43 |       0 |   0.0 |      23 |       0 |   0.0
        D:2 |      13 |       0 |   0.0 |       8 |       0 |   0.0
        D:3 |      13 |       7 |  35.0 |       7 |       2 |  22.2
            +---------+---------+-------+---------+---------+-------
